 Dungeon Crawl Stone Soup version 0.30-a0-793-g160f7cfddd (webtiles) character file.

Game seed: 16692073152215797062

119 bande the Trooper (level 5, -1/33 HPs)
             Began as a Gargoyle Fighter on Feb 19, 2023.
             Slain by a gnoll
             ... wielding a +0 halberd
              (2 damage)
             ... on level 3 of the Dungeon.
             The game lasted 00:02:55 (1361 turns).

bande the Trooper (Gargoyle Fighter)                Turns: 1361, Time: 00:02:55

Health: -1/33      AC: 13    Str: 19    XL:     5   Next: 3%
Magic:  5/5        EV:  9    Int:  9    God:
Gold:   111        SH:  0    Dex: 11    Spells: 4/4 levels left

rFire   . . .      SeeInvis .    a - +1 war axe
rCold   . . .      Faith    .    c - +0 buckler
rNeg    + . .      Spirit   .    b - +0 scale mail
rPois   ∞          Reflect  .    q - +1 helmet
rElec   +          Harm     .    (no cloak)
rCorr   .          Rampage  .    (no gloves)
Will    .....                    (no boots) Stlth
                                 (no amulet)
HPRegen 0.25/turn                (no ring)
MPRegen 0.09/turn                (no ring)

@: confused
A: sickness immunity, AC +4, negative energy resistance 1, electricity
resistance, torment resistance 1, petrification resistance
a: no special abilities


You were on level 3 of the Dungeon.
You visited 1 branch of the dungeon, and saw 3 of its levels.

You collected 111 gold pieces.

Inventory:

Hand Weapons
 a - a +1 war axe (weapon)
Armour
 b - a +0 scale mail (worn)
 c - a +0 buckler (worn)
 q - a +1 helmet (worn)
Scrolls
 i - a scroll of teleportation
 k - a scroll of enchant weapon
Potions
 d - a potion of might
 e - a potion of resistance
 f - a potion of magic {unknown}
 g - a potion of mutation
 h - a potion of haste {unknown}
 j - a potion of attraction {unknown}
 l - 3 potions of curing
 m - a potion of brilliance {unknown}
 n - a potion of degeneration {unknown}
 o - 2 potions of heal wounds
 p - a potion of flight {unknown}


   Skills:
 + Level 4.2 Fighting
 + Level 3.2 Axes
 + Level 3.8 Armour
 + Level 3.7 Shields


You had 4 spell levels left.
You didn't know any spells.
Your spell library was empty.

Dungeon Overview and Level Annotations

Branches:
Dungeon (3/15)

Altars:

Shops:
D:3 **


Innate Abilities, Weirdness & Mutations

You are immune to sickness and miasma.
Your stone body is resilient. (AC +4)
You are immune to poison.
You resist negative energy. (rN+)
You are resistant to electric shocks. (rElec)
You are resistant to unholy torment.
You are immune to petrification.


Message History

You hear some strange, mumbled words.
Something tries to affect you, but you resist.
The gnoll hits you but does no damage. Something hits you but does no damage.
The orc wizard hits you but does no damage. x2
The gnoll misses you.
You miss something. You closely miss the orc wizard.
You hit the orc wizard but do no damage.
The orc wizard hits you but does no damage.
Something hits you.
The orc wizard hits you but does no damage.
The gnoll hits you from afar with a +0 halberd!
You closely miss something. You miss the orc wizard.
You hit the orc wizard but do no damage.
The orc wizard hits you but does no damage. x2
Something hits you but does no damage. The gnoll barely misses you.
The orc wizard completely misses you. Something hits you.
The orc wizard hits you with a +0 dagger.
The gnoll hits you from afar with a +0 halberd.
* * * LOW HITPOINT WARNING * * *
You miss something.
You hit the orc wizard but do no damage.
You barely miss the orc wizard.
An orc wizard appears from thin air!
Reactivating autopickup.
The orc wizard hits you but does no damage. x2
The orc wizard points at you and mumbles some strange words.
The puff of flame hits you but does no damage.
The gnoll misses you.
You barely miss the orc wizard.
You hit the orc wizard but do no damage. x2
The orc wizard barely misses you. x2
The orc wizard hits you with a +0 dagger.
* * * LOW HITPOINT WARNING * * *
The gnoll hits you but does no damage.
The orc wizard hits you but does no damage.
The orc wizard hits you with a +0 dagger.
* * * LOW HITPOINT WARNING * * *
The orc wizard hits you with a +0 dagger.
* * * LOW HITPOINT WARNING * * *
The gnoll hits you from afar with a +0 halberd.
You die...

...#.# ....# #.# #... #.#
#..# .# # #####.# #..## .#
.##.#o##Soo..###...# .#
.....Sggoo@......#.## .#
....####g####.......#####.#
# #.# #..###......#.# #.#
##..# #.####.#.#
#.###...###.# #....
#.....#.##†∩####.###
#................# #
#######.###.####.###
.###)###...##....


You could see 3 orc wizards, 3 gnolls, an adder, 2 orcs and a ball python.

Vanquished Creatures
  Robin (D:2)
  3 adders (D:2)
  A worm (D:2)
  An orc (D:3)
  5 bats
  4 endoplasms (D:1)
  3 giant cockroaches
  17 goblins
  9 hobgoblins
  5 jackals
  5 kobolds
  A quokka (D:2)
  8 ball pythons
  6 frilled lizards
69 creatures vanquished.

Notes
Turn   | Place    | Note
-------+----------+-------------------------------------------
     0 | D:1      | bande the Gargoyle Fighter began the quest for the Orb.
     0 | D:1      | Reached XP level 1. HP: 14/14 MP: 1/1
   156 | D:1      | Reached XP level 2. HP: 19/19 MP: 2/2
   405 | D:1      | Reached XP level 3. HP: 18/24 MP: 3/3
   822 | D:2      | Reached skill level 4 in Fighting
   822 | D:2      | Reached XP level 4. HP: 27/29 MP: 4/4
   873 | D:2      | Noticed Robin
   894 | D:2      | Killed Robin
  1273 | D:3      | Found Digaig's Assorted Antiques.
  1285 | D:3      | Found Foeb's General Store.
  1298 | D:3      | Reached XP level 5. HP: 33/33 MP: 5/5
  1361 | D:3      | HP: 1/33 [orc wizard/+0 dagger (3)]
  1361 | D:3      | Slain by a gnoll

Illustrated notes

Levels and vault maps discovered:
D:1:      ncdulo_watergridlock, layout_loops_ring, minmay_pentomino_v4
D:2:      layout_rooms, uniq_robin
D:3:      minmay_inner_zag, layout_loops_ring, lemuel_round_altar,
          lemuel_tele_altar, serial_shops, shop, shop, nicolae_shop_crystal

Skill      XL: |  1  2  3  4 |
---------------+-------------+-----
Axes           | 2 3 |  3.2
Fighting       | 4 |  4.2
Armour         | |  3.8
Shields        | |  3.7

Action                     |  1- 3 |  4- 6 || total
---------------------------+-------+-------++-------
  Melee: War axe           |   119 |    69 ||   188
    Use: Scroll            |       |     8 ||     8
 Armour: Scale mail        |    84 |    78 ||   162
  Dodge: Dodged            |    73 |    43 ||   116
  Block: Buckler           |    22 |    12 ||    34

Table legend: (Time is in decaauts)
 A = Elapsed time spent in this place.
 B = Non-inter-level travel time spent in this place.
 C = Inter-level travel time spent in this place.
 D = Time resting spent in this place.
 E = Time spent auto-exploring this place.
 F = Levels seen in this place.
 G = Mean time per level.
                   A        B        C        D        E       F      G
               +--------+--------+--------+--------+--------+-----+--------+
         Total |   1440 |   1440 |      0 |      0 |    994 |   3 |  480.0 |
       Dungeon |   1440 |   1440 |      0 |      0 |    994 |   3 |  480.0 |
               +--------+--------+--------+--------+--------+-----+--------+

Top non-repeatable levels by time:
     D:1: 749 daAuts
     D:2: 595 daAuts
     D:3: 95 daAuts
